 Dungeon Crawl Stone Soup version 0.23.2-1-ga50397a (webtiles) character file.

Game seed: 2341709585079768175

298 xveg the Slinger (level 6, 0/41 HPs)
             Began as a Halfling Hunter on May 9, 2019.
             Slain by Crazy Yiuf
             ... wielding a +3 quarterstaff of chaos
              (7 damage)
             ... while paralysed by Crazy Yiuf
             ... on level 3 of the Dungeon.
             The game lasted 00:02:53 (2284 turns).

xveg the Slinger (Halfling Hunter)                  Turns: 2284, Time: 00:02:54

Health: 0/41       AC:  5    Str: 15    XL:     6   Next: 62%
Magic:  6/6        EV:  3    Int:  9    God:
Gold:   102        SH:  0    Dex: 15    Spells: 5/5 levels left

rFire    . . .     SeeInvis .   a - +1 hunting sling
rCold    . . .     Gourm    .   (shield restricted)
rNeg     . . .     Faith    .   r - +0 ring mail
rPois    .         Spirit   .   (no helmet)
rElec    .         Reflect  .   (no cloak)
rCorr    .         Harm     .   (no gloves)
MR       .....                  (no boots)
Stlth    +.........             q - amulet of rage
HPRegen  0.13/turn              (no ring)
MPRegen  0.10/turn              (no ring)

@: paralysed, drained
A: small, mutation resistance 1
a: Evoke Berserk Rage


You were on level 3 of the Dungeon.
You were not hungry.

You visited 1 branch of the dungeon, and saw 3 of its levels.

You collected 102 gold pieces.

Inventory:

Hand Weapons
 a - a +1 hunting sling (weapon)
 b - a +0 short sword
Missiles
 d - 2 sling bullets (quivered)
 k - 89 stones
Armour
 c - a +0 leather armour
 r - a +0 ring mail (worn)
Jewellery
 q - an amulet of rage (around neck)
Wands
 e - a wand of disintegration (14)
Scrolls
 h - 5 scrolls of identify
 i - a scroll of remove curse
 m - 2 scrolls of teleportation
Potions
 g - a potion of cancellation {unknown}
 j - a potion of invisibility {unknown}
 l - a potion of heal wounds {unknown}
 n - a potion of lignification {unknown}
 o - 2 potions of curing {unknown}
 p - a potion of agility
Comestibles
 f - 7 rations


   Skills:
 + Level 2.7(2.1) Fighting
 + Level 9.6(8.9) Slings
 + Level 1.5(0.9) Armour
 + Level 2.4(1.8) Dodging
 + Level 1.3(0.7) Stealth


You had 5 spell levels left.
You didn't know any spells.
Your spell library was empty.

Dungeon Overview and Level Annotations

Branches:
Dungeon (3/15)

Altars:

Annotations:
D:3 Crazy Yiuf


Innate Abilities, Weirdness & Mutations

You are small and have problems with some larger weapons.
You are somewhat resistant to further mutation.


Message History

Crazy Yiuf yells, "Orb arga pizzabubble!"
Firing (i - inventory. (/) - cycle)
d - 3 sling bullets (quivered)
Press: ? - help, Shift-Dir - straight line, f - Crazy Yiuf
Aim: Crazy Yiuf, wielding a +3 quarterstaff of chaos and wearing a +2 cloak You shoot a sling bullet.
The sling bullet hits Crazy Yiuf!
Crazy Yiuf is moderately wounded.
Crazy Yiuf hits you with a +3 quarterstaff of chaos!
You suddenly lose the ability to move!
Crazy Yiuf says, "Announcement broken arm!"
Crazy Yiuf hits you with a +3 quarterstaff of chaos.
Crazy Yiuf burns you.
Crazy Yiuf hits you with a +3 quarterstaff of chaos!
You feel drained.
Crazy Yiuf laughs, "Gnoll tortoise high!"
Crazy Yiuf hits you with a +3 quarterstaff of chaos!
* * * LOW HITPOINT WARNING * * *
You feel drained.
* * * LOW HITPOINT WARNING * * *
Crazy Yiuf hits you with a +3 quarterstaff of chaos!
You die...

######### ........# ### ♣♣####
........# #)..#♣♣ ♣♣P...##
........# #...g@♣♣♣♣......#
........# #...#♣..♣.PP....#####
........# ### ♣♣♣.♣..........#
^.......# ♣♣♣♣♣##..###.#
...)....# #..# #.#
.#.######################..# #.#
.#.#.(........#.<.##.(.....###.#
..................##.......#...##
#.##..........###########.......#


You could see Crazy Yiuf.

Vanquished Creatures
  Sigmund (D:3)
  A howler monkey (D:2)
  Ijyb (D:3)
  4 worms
  A dart slug (D:1)
  2 leopard geckos
  2 orcs (D:3)
  5 bats
  2 giant cockroaches (D:1)
  9 hobgoblins
  A ball python (D:1)
  5 frilled lizards
  8 goblins
  8 kobolds
  6 rats
56 creatures vanquished.

Notes
Turn   | Place    | Note
-------+----------+-------------------------------------------
     0 | D:1      | xveg the Halfling Hunter began the quest for the Orb.
     0 | D:1      | Reached XP level 1. HP: 14/14 MP: 1/1
    97 | D:1      | Reached skill level 6 in Slings
   221 | D:1      | Reached XP level 2. HP: 19/19 MP: 2/2
   392 | D:1      | Reached XP level 3. HP: 24/24 MP: 3/3
   496 | D:1      | Reached skill level 7 in Slings
  1162 | D:2      | Reached XP level 4. HP: 29/29 MP: 4/4
  1235 | D:2      | Reached skill level 8 in Slings
  1718 | D:3      | Found a runed translucent door.
  1719 | D:3      | Noticed Crazy Yiuf
  1774 | D:3      | Reached XP level 5. HP: 34/34 MP: 5/5
  1775 | D:3      | Noticed Ijyb
  1815 | D:3      | Killed Ijyb
  2036 | D:3      | Noticed Sigmund
  2063 | D:3      | Killed Sigmund
  2063 | D:3      | Reached skill level 9 in Slings
  2063 | D:3      | Reached skill level 1 in Armour
  2063 | D:3      | Reached XP level 6. HP: 16/41 MP: 6/6
  2280 | D:3      | Paralysed by Crazy Yiuf for 4 turns
  2284 | D:3      | Slain by Crazy Yiuf

Skill      XL: |  1  2  3  4  5 |
---------------+----------------+-----
Slings         | 6 7 8 9 |  9.6
Fighting       | 2 |  2.7
Armour         | 1 |  1.5
Dodging        | |  2.4
Stealth        | |  1.3

Action                   |  1- 3 |  4- 6 || total
-------------------------+-------+-------++-------
 Fire: Hunting sling     |   107 |   125 ||   232
  Use: Scroll            |       |     4 ||     4
  Eat: Ration            |       |     1 ||     1
       Chunk             |       |     1 ||     1
Armor: Leather armour    |     7 |     2 ||     9
       Ring mail         |       |     2 ||     2
Dodge: Dodged            |     9 |    27 ||    36
